 Dungeon Crawl Stone Soup version 0.30-b1-2-g02819fbbbe (webtiles) character file.

Game seed: 16936931180009290423

95 falawelle the Chopper (level 4, -1/41 HPs)
             Began as a Minotaur Berserker on May 7, 2023.
             Was a Believer of Trog.
             Slain by a gnoll
             ... wielding a +0 spear
              (5 damage)
             ... on level 2 of the Dungeon on May 8, 2023.
             The game lasted 00:17:26 (1149 turns).

falawelle the Chopper (Minotaur Berserker)          Turns: 1149, Time: 00:17:26

Health: -1/41      AC:  6    Str: 23    XL:     4   Next: 39%
Magic:  3/3        EV: 10    Int:  4    God:    Trog [**....]
Gold:   168        SH:  0    Dex: 10    Spells: 3/3 levels left

rFire   . . .        o - +0 war axe
rCold   . . .        (no shield)
rNeg    . . .        i - +0 scale mail
rPois   .            (helmet restricted)
rElec   .            (no cloak)
rCorr   .            (no gloves)
SInv    .            (no boots)
Will    .....        (no amulet) Stlth
                     (no ring)
HPRegen 0.26/turn    (no ring)
MPRegen 0.08/turn

%: no passive effects
@: no status effects
A: horns 2, retaliatory headbutt
a: Renounce Religion, Berserk, Trog's Hand


You were on level 2 of the Dungeon.
You worshipped Trog.
Trog was pleased with you.
You visited 1 branch of the dungeon, and saw 2 of its levels.

You collected 168 gold pieces.

Inventory:

Hand Weapons
 o - a +0 war axe (weapon)
Missiles
 f - 24 stones (quivered)
Armour
 e - a +0 leather armour
 i - a +0 scale mail (worn)
Wands
 k - a wand of roots (8)
Scrolls
 b - a scroll of identify {unknown}
 g - a scroll of teleportation
 l - a scroll of poison {unknown}
Potions
 a - a potion of flight {unknown}
 m - 2 potions of curing {unknown}
 n - a potion of heal wounds {unknown}


   Skills:
 + Level 4.5 Fighting
 * Level 5.3 Axes
 + Level 3.1 Armour
 - Level 2.1 Dodging


You had 3 spell levels left.
You didn't know any spells.
Your spell library was empty.

Dungeon Overview and Level Annotations

Branches:
Dungeon (2/15)

Altars:


Innate Abilities, Weirdness & Mutations

You have a pair of horns on your head.
You reflexively headbutt those who attack you in melee.


Message History

You fail to use your ability.
The hobgoblin barely misses you. The gnoll closely misses you.
You hit the hobgoblin.
You kill the hobgoblin!
Trog accepts your kill.
The gnoll hits you from afar with a +0 spear.
A goblin comes into view. It is wielding a +0 club.
The gnoll hits you but does no damage. The gnoll closely misses you.
You furiously retaliate!
You headbutt the gnoll!
You see here a hobgoblin corpse.
You hit the gnoll. Your headbutt misses the gnoll.
The gnoll is almost dead.
The gnoll hits you but does no damage. The gnoll hits you with a +0 spear.
* * * LOW HITPOINT WARNING * * *
You slash the gnoll!
You kill the gnoll!
Trog accepts your kill.
You barely miss the gnoll.
The goblin no longer looks unusually strong.
The gnoll hits you from afar with a +0 spear.
* * * LOW HITPOINT WARNING * * *
Your Armour skill increases to level 3!
You hit the gnoll.
The gnoll is lightly wounded.
The gnoll hits you but does no damage. The gnoll barely misses you.
You furiously retaliate!
You headbutt the gnoll, but do no damage.
You hit the gnoll. You headbutt the gnoll!
You kill the gnoll!
Trog accepts your kill.
You can now call upon Trog for regeneration and willpower.
You hit the goblin.
You kill the goblin!
Trog accepts your kill.
The gnoll hits you from afar with a +0 spear.
* * * LOW HITPOINT WARNING * * *
The gnoll hits you from afar with a +0 spear.
* * * LOW HITPOINT WARNING * * *
The gnoll hits you from afar with a +0 spear.
You die...

###...#.#
#.......#.##.#.##
#####.#
#.#######.......#
#.# #.# #######.##
#.# #.# #..# #.#
#.# ##.# #.# #.#
#.. #.# #)# ##.
#.###.## #.
#######.#..@†# #.
#.......#..g)# #.
#.#######..)g######
#. #.# #.......gg#
#[ #.#
#....####gg..... #.
#.# ###### .......
#. #.# #####
g.g.... #. #.#
#...# #g.g... #.
#.#####.#.# g.....
#.


You could see a gnoll and a hobgoblin.

Vanquished Creatures
  Robin (D:2)
  2 gnolls (D:2)
  3 adders (D:2)
  2 worms (D:2)
  A dart slug (D:1)
  A bat (D:1)
  An endoplasm (D:2)
  7 goblins (D:2)
  5 hobgoblins
  2 kobolds
  A quokka (D:1)
  4 ball pythons
  A frilled lizard (D:1)
31 creatures vanquished.

Notes
Turn   | Place    | Note
-------+----------+-------------------------------------------
     0 | D:1      | falawelle the Minotaur Berserker began the quest for the
                  | Orb.
     0 | D:1      | Reached XP level 1. HP: 19/19 MP: 0/0
   116 | D:1      | Reached skill level 4 in Axes
   161 | D:1      | Reached XP level 2. HP: 27/27 MP: 1/1
   709 | D:2      | Reached XP level 3. HP: 23/33 MP: 2/2
  1083 | D:2      | Reached skill level 5 in Axes
  1124 | D:2      | Identified the +0 helmet of Beauty {rC+++ rCorr Str-2}
  1124 | D:2      | Noticed Robin
  1141 | D:2      | Killed Robin
  1142 | D:2      | Reached XP level 4. HP: 20/41 MP: 3/3
  1148 | D:2      | Reached ** piety under Trog
  1149 | D:2      | Slain by a gnoll

Illustrated notes

Levels and vault maps discovered:
D:1:      minmay_arrival_loop, layout_loops_ring
D:2:      layout_basic, uniq_robin

Skill      XL: |  1  2  3  4 |
---------------+-------------+-----
Axes           | 4 5 |  5.3
Fighting       | 4 |  4.5
Armour         | 3 |  3.1
Dodging        | |  2.1

Action                     |  1- 3 |  4- 6 || total
---------------------------+-------+-------++-------
  Melee: Hand axe          |    30 |       ||    30
         Headbutt          |     9 |     1 ||    10
         War axe           |    21 |     5 ||    26
    Use: Scroll            |     3 |       ||     3
 Armour: Animal skin       |     2 |       ||     2
         Leather armour    |     4 |       ||     4
         Scale mail        |    21 |     3 ||    24
  Dodge: Dodged            |    37 |     4 ||    41
